Workbook

Sheet DCF
B2: {=_FV(V4,"Official name",TRUE)} -> Samsung Electronics Co., Ltd.
B4: Assumptions | V4: #VALUE!
B6: Switches | E6: Bear Case | H6: Base Case | K6: Bull Case | V6: 5935
B7: Revenue | C7: 2 | E7: WACC | F7: =+I7-1% -> 0.062767612 | H7: WACC | I7: =+WACC!G22 -> 0.072767612 | K7: WACC | L7: =+I7+1% -> 0.082767612 | V7: Most recent fiscal year | W7: 31/12/2023 | X7: Share Price | Y7: 53000
B8: EBIT | C8: 2 | E8: TGR | F8: =+I8-0.5% -> 0.03 | H8: TGR | I8: 0.035 | K8: TGR | L8: =+I8+0.5% -> 0.04 | V8: End of fiscal year | W8: 31/12/2024 | X8: Share Price Date | Y8: 45637
B9: WACC | C9: 2 | V9: most recent quarter end date | W9: 31/07/2024
B10: TGR | C10: 2 | V10: valuation date | W10: 45637
V11: portion of year 1 cash flow in forecast | W11: {=_xludf.yearfrac(W10,W8)} -> #NAME?
B12: WACC | C12: =CHOOSE(C9,F7,I7,L7) -> 0.072767612
B13: TGR | C13: =CHOOSE(C10,F8,I8,L8) -> 0.035
B14: In billions of Korean won
A15: x | B15: Income Statement | E15: 2021 | F15: =+E15+1 -> 2022 | G15: =+F15+1 -> 2023 | H15: =+G15+1 -> 2024 | I15: =+H15+1 -> 2025 | J15: =+I15+1 -> 2026 | K15: =+J15+1 -> 2027 | L15: =+K15+1 -> 2028
B17: Revenue | E17: 279604 | F17: 302231 | G17: 258935 | H17: ='DCF Support'!G6 -> 306324 | I17: ='DCF Support'!H6 -> 358294.62 | J17: ='DCF Support'!I6 -> 394523.74 | K17: ='DCF Support'!J6 -> 431162.06 | L17: ='DCF Support'!K6 -> 469086.06
B18: % of growth | E18: 0.181 | F18: =+(F17-E17)/E17 -> 0.080925166 | G18: =+(G17-F17)/F17 -> -0.14325466 | H18: =+(H17-G17)/G17 -> 0.18301504 | I18: =+(I17-H17)/H17 -> 0.169659 | J18: =+(J17-I17)/I17 -> 0.10111544 | K18: =+(K17-J17)/J17 -> 0.092867193 | L18: =+(L17-K17)/K17 -> 0.087957659 | V18: Effective tax rate | W18: =-(4480835/8426687) -> -0.53174338
B20: Cost of Revenues | E20: 166411 | F20: 190042 | G20: 180389 | H20: =+H21*H17 -> 196110.81 | I20: =+I21*I17 -> 234762.01 | J20: =+J21*J17 -> 261974.97 | K20: =+K21*K17 -> 281614.37 | L20: =+L21*L17 -> 308408.61
B21: % of revenue | E21: =+E20/E17 -> 0.59516674 | F21: =+F20/F17 -> 0.62879718 | G21: =+G20/G17 -> 0.69665746 | H21: =AVERAGE(E21:G21) -> 0.64020713 | I21: =AVERAGE(F21:H21) -> 0.65522059 | J21: =AVERAGE(G21:I21) -> 0.66402839 | K21: =AVERAGE(H21:J21) -> 0.65315204 | L21: =AVERAGE(I21:K21) -> 0.65746701
B23: EBIT | E23: =(51633856+2205695-2055971-729614)/1000 -> 51053.966 | F23: =(43376630+1962071-1790176-1090643)/1000 -> 42457.882 | G23: =(6566976+1180448-1083327-887550)/1000 -> 5776.547 | H23: =+'DCF Support'!G15+'DCF Support'!G26+'DCF Support'!G40+'DCF Support'!G54 -> 37236 | I23: =+'DCF Support'!H15+'DCF Support'!H26+'DCF Support'!H40+'DCF Support'!H54 -> 47753.506 | J23: =+'DCF Support'!I15+'DCF Support'!I26+'DCF Support'!I40+'DCF Support'!I54 -> 56948.269 | K23: =+'DCF Support'!J15+'DCF Support'!J26+'DCF Support'!J40+'DCF Support'!J54 -> 68272.704 | L23: =+'DCF Support'!K15+'DCF Support'!K26+'DCF Support'!K40+'DCF Support'!K54 -> 76713.85
B24: % of revenues | E24: =+E23/E$17 -> 0.18259383 | F24: =+F23/F$17 -> 0.14048156 | G24: =+G23/G$17 -> 0.022308869 | H24: 0.1183 | I24: 0.1423 | J24: 0.1559 | K24: 0.12 | L24: 0.12
B26: Interest income | E26: 1414 | F26: 3135 | G26: 4552 | H26: =+H27*H52 -> 3346.0694 | I26: =(I39+I52)*I27 -> 4666.1051 | J26: =(J39+J52)*J27 -> 5461.0106 | K26: =(K39+K52)*K27 -> 5430.979 | L26: =(L39+L52)*L27 -> 6170.2442
B27: % Investments | E27: =+E26/(E52) -> 0.057896245 | F27: =+F26/(F52) -> 0.13230081 | G27: =+G26/(G52) -> 0.22011605 | H27: =AVERAGE(E27:G27) -> 0.13677104 | I27: =AVERAGE(F27:H27) -> 0.16306263 | J27: =AVERAGE(G27:I27) -> 0.17331657 | K27: =AVERAGE(H27:J27) -> 0.15771675 | L27: =AVERAGE(I27:K27) -> 0.16469865
B29: Interest expense | E29: -432 | F29: -763 | G29: -930 | H29: =H30*H61 -> -1178.4826 | I29: =J30*I61 -> -1428.6771 | J29: =J30*J61 -> -1638.3417 | K29: =K30*K61 -> -1834.0434 | L29: =L30*L61 -> -2111.6012
B30: % of debt | E30: =+E29/E61 -> -0.023488283 | F30: =+F29/F61 -> -0.073839362 | G30: =+G29/G61 -> -0.073309483 | H30: =AVERAGE(E30:G30) -> -0.056879043 | I30: =AVERAGE(F30:H30) -> -0.068009296 | J30: =AVERAGE(G30:I30) -> -0.066065941 | K30: =AVERAGE(H30:J30) -> -0.063651427 | L30: =AVERAGE(I30:K30) -> -0.065908888
B32: EBT | E32: =+E23+E26 -> 52467.966 | F32: =+F23+F26 -> 45592.882 | G32: =+G23+G26+G29 -> 9398.547 | H32: =+H23+H26+H29 -> 39403.587 | I32: =+I23+I26+I29 -> 50990.934 | J32: =+J23+J26+J29 -> 60770.938 | K32: =+K23+K26+K29 -> 71869.64 | L32: =+L23+L26+L29 -> 80772.493
B34: Tax expense | E34: -13444 | F34: 9214 | G34: 4481 | H34: =+H35*H32 -> -1970.1793 | I34: =+I35*I32 -> -10198.187 | J34: =+J35*J32 -> -12154.188 | K34: =+K35*K32 -> -14373.928 | L34: =+L35*L32 -> -16154.499
B35: % of EBT | E35: =E34/E$32 -> -0.25623254 | F35: =F34/F$32 -> 0.20209295 | G35: =G34/G$32 -> 0.47677583 | H35: -0.05 | I35: -0.2 | J35: -0.2 | K35: -0.2 | L35: -0.2
B37: Balance Sheet | E37: =E15 -> 2021 | F37: =F15 -> 2022 | G37: =G15 -> 2023 | H37: =H15 -> 2024 | I37: =I15 -> 2025 | J37: =J15 -> 2026 | K37: =K15 -> 2027 | L37: =L15 -> 2028
B39: Total Cash and Short-Term Investments | E39: 124150 | F39: 115227 | G39: 92407
B41: Receivables | E41: 45211 | F41: 41871 | G41: 43281 | H41: =+H42*H17/365 -> 47723.883 | I41: =+I42*I17/365 -> 55820.669 | J41: =+J42*J17/365 -> 61465.001 | K41: =+K42*K17/365 -> 67173.083 | L41: =+L42*L17/365 -> 73081.47
B42: DSO | E42: =+E41/E17*365 -> 59.019238 | F42: =+F41/F17*365 -> 50.567 | G42: =+G41/G17*365 -> 61.009771 | H42: =AVERAGE(E42:G42) -> 56.865336 | I42: =H42 -> 56.865336 | J42: =I42 -> 56.865336 | K42: =J42 -> 56.865336 | L42: =K42 -> 56.865336
B44: Inventory | E44: 41384 | F44: 52188 | G44: 51626 | H44: =+H45*H20/365 -> 52916.65 | I44: =+I45*I20/365 -> 63345.919 | J44: =+J45*J20/365 -> 70688.8 | K44: =+K45*K20/365 -> 75988.108 | L44: =+L45*L20/365 -> 83218.006
B45: DIH | E45: =+E44/E20*365 -> 90.770201 | F45: =+F44/F20*365 -> 100.23374 | G45: =+G44/G20*365 -> 104.46031 | H45: =AVERAGE(E45:G45) -> 98.488082 | I45: =H45 -> 98.488082 | J45: =I45 -> 98.488082 | K45: =J45 -> 98.488082 | L45: =K45 -> 98.488082
B47: Prepaid expenses and Other Current Assets | E47: =2336+5082 -> 7418 | F47: =2868+6317 -> 9185 | G47: =3366+5257 -> 8623 | H47: =+H48*H17 -> 9212.4731 | I47: =+I48*I17 -> 10775.452 | J47: =+J48*J17 -> 11865.017 | K47: =+K48*K17 -> 12966.888 | L47: =+L48*L17 -> 14107.425
B48: % of revenue | E48: =+E47/E$17 -> 0.026530379 | F48: =+F47/F$17 -> 0.030390661 | G48: =+G47/G$17 -> 0.033301794 | H48: =AVERAGE(E48:G48) -> 0.030074278 | I48: =H48 -> 0.030074278 | J48: =I48 -> 0.030074278 | K48: =J48 -> 0.030074278 | L48: =K48 -> 0.030074278
B50: PP&E + Intangibles | E50: =(149928539+20236244)/1000 -> 170164.78 | F50: =(168045388+20217754)/1000 -> 188263.14 | G50: =(187256262+22741862)/1000 -> 209998.12 | H50: =+G50-H69-G66 -> 230850.32 | I50: =+H50-I69-H66 -> 257184.09 | J50: =+I50-J69-I66 -> 289299.53 | K50: =+J50-K69-J66 -> 320433.69 | L50: =+K50-L69-K66 -> 353420.95
B52: Long-Term Investments | E52: 24423 | F52: 23696 | G52: 20680 | H52: =G52*(1+H53) -> 24464.751 | I52: =H52*(1+I53) -> 28615.416 | J52: =I52*(1+J53) -> 31508.877 | K52: =J52*(1+K53) -> 34435.018 | L52: =K52*(1+L53) -> 37463.841
B53: Growing with Revenue | H53: ='DCF Support'!G7 -> 0.18301504 | I53: ='DCF Support'!H7 -> 0.169659 | J53: ='DCF Support'!I7 -> 0.10111544 | K53: ='DCF Support'!J7 -> 0.092867193 | L53: ='DCF Support'!K7 -> 0.087957659
B55: Accounts Payable | E55: 13453 | F55: 10645 | G55: 11320 | H55: =+H56*H20/365 -> 13048.508 | I55: =+I56*I20/365 -> 15436.406 | J55: =+J56*J20/365 -> 17225.751 | K55: =+K56*K20/365 -> 18517.11 | L55: =+L56*L20/365 -> 20278.922
B56: DPO | E56: =+E55/E$20*365 -> 29.507334 | F56: =+F55/F$20*365 -> 20.445086 | G56: =+G55/G$20*365 -> 22.904944 | H56: =AVERAGE(E56:G56) -> 24.285788 | I56: 24 | J56: 24 | K56: 24 | L56: 24
B58: Accrued Expenses and Other Current Liabilities | E58: =27928+24969 -> 52897 | F58: =29211+28002 -> 57213 | G58: =26013+26604 -> 52617 | H58: =+H59*H17 -> 59395.517 | I58: =+I59*I17 -> 69472.501 | J58: =+J59*J17 -> 76497.244 | K58: =+K59*K17 -> 83601.328 | L58: =+L59*L17 -> 90954.705
B59: % of revenues | E59: =+E58/E$17 -> 0.18918542 | F59: =+F58/F$17 -> 0.18930222 | G59: =+G58/G$17 -> 0.20320544 | H59: =+AVERAGE(E59:G59) -> 0.19389769 | I59: =H59 -> 0.19389769 | J59: =I59 -> 0.19389769 | K59: =J59 -> 0.19389769 | L59: =K59 -> 0.19389769
B61: Total Debt | E61: =(13687793+1329968+2866156+508232)/1000 -> 18392.149 | F61: =(5147315+1089162+536093+3560672)/1000 -> 10333.242 | G61: =(7114601+1308875+537618+3724850)/1000 -> 12685.944 | H61: =+H62*(H66+H23) -> 20719.1 | I61: =+I62*(I66+I23) -> 21625.017 | J61: =+J62*(J66+J23) -> 24798.583 | K61: =+K62*(K66+K23) -> 28813.862 | L61: =+L62*(L66+L23) -> 32038.185
B62: x EBITDA | E62: =+E61/(E23+E66) -> 0.21561387 | F62: =+F61/(F23+F66) -> 0.12668637 | G62: =+G61/(G23+G66) -> 0.28544234 | H62: 0.25 | I62: 0.22 | J62: 0.22 | K62: 0.22 | L62: 0.22
A64: x | B64: Cash Flow | E64: =E15 -> 2021 | F64: =F15 -> 2022 | G64: =G15 -> 2023 | H64: =H15 -> 2024 | I64: =I15 -> 2025 | J64: =J15 -> 2026 | K64: =K15 -> 2027 | L64: =L15 -> 2028
B66: Depreciation & Amortization | E66: =(31285209+2962152)/1000 -> 34247.361 | F66: =(35952098+3155561)/1000 -> 39107.659 | G66: =(35532411+3134148)/1000 -> 38666.559 | H66: =+H67*H50 -> 45640.402 | I66: =+I67*I50 -> 50542.025 | J66: =+J67*J50 -> 55772.564 | K66: =+K67*K50 -> 62699.395 | L66: =+L67*L50 -> 68914.265
B67: % PP&E + Intangibles | E67: =+E66/E50 -> 0.20125998 | F67: =+F66/F50 -> 0.20772871 | G67: =+G66/G50 -> 0.18412812 | H67: =AVERAGE(E67:G67) -> 0.1977056 | I67: =AVERAGE(F67:H67) -> 0.19652081 | J67: =AVERAGE(G67:I67) -> 0.19278484 | K67: =AVERAGE(H67:J67) -> 0.19567042 | L67: =AVERAGE(I67:K67) -> 0.19499202
B69: Net CapEx | E69: =(358284-47122106+1752-2706915+661168)/1000 -> -48807.817 | F69: =(-49430428+217878+23462-3696304)/1000 -> -52885.392 | G69: =(-57611292+98341+11744-2922875)/1000 -> -60424.082 | H69: =-H70*H17 -> -59518.757 | I69: =-I70*I17 -> -71974.169 | J69: =-J70*J17 -> -82657.463 | K69: =-K70*K17 -> -86906.73 | L69: =-L70*L17 -> -95686.648
B70: % of revenues | E70: =-E69/E17 -> 0.17456051 | F70: =-F69/F17 -> 0.17498335 | G70: =-G69/G17 -> 0.23335618 | H70: =AVERAGE(E70:G71) -> 0.19430001 | I70: =AVERAGE(F70:H71) -> 0.20087985 | J70: =AVERAGE(G70:I71) -> 0.20951201 | K70: =AVERAGE(H70:J71) -> 0.20156396 | L70: =AVERAGE(I70:K71) -> 0.20398527 | W70: 2023 | X70: 2022
B72: Changes in NWC | F72: =-((F41+F44+F47-F55-F58)-(E41+E44+E47-E55-E58)) -> -7723 | G72: =-((G41+G44+G47-G55-G58)-(F41+F44+F47-F55-F58)) -> -4207 | H72: =-((H41+H44+H47-H55-H58)-(G41+G44+G47-G55-G58)) -> 2184.0193 | I72: =-((I41+I44+I47-I55-I58)-(H41+H44+H47-H55-H58)) -> -7624.1522 | J72: =-((J41+J44+J47-J55-J58)-(I41+I44+I47-I55-I58)) -> -5262.6896 | K72: =-((K41+K44+K47-K55-K58)-(J41+J44+J47-J55-J58)) -> -3713.8187 | L72: =-((L41+L44+L47-L55-L58)-(K41+K44+K47-K55-K58)) -> -5163.6321 | V72: Net working capital | W72: =28058213+39526134+5078590+3857868-8666757-1767427-1142776 -> 64943845 | X72: =27349373+4707997+39956410+4836335-8149853-1494008-1006748 -> 66199506
B73: % of change in revenues | E73: =-E72/E17 -> 0 | F73: =+F72/(F17-E17) -> -0.34131789 | G73: =+G72/(G17-F17) -> 0.09716833
B74: % of revenues | E74: =+E72/E17 -> 0 | F74: =+F72/F17 -> -0.025553302 | G74: =+G72/G17 -> -0.016247321
A76: x | B76: DCF | E76: =E15 -> 2021 | F76: =F15 -> 2022 | G76: =G15 -> 2023 | H76: =H15 -> 2024 | I76: =I15 -> 2025 | J76: =J15 -> 2026 | K76: =K15 -> 2027 | L76: =L15 -> 2028
B78: Revenues | E78: =E17 -> 279604 | F78: =F17 -> 302231 | G78: =G17 -> 258935 | H78: =+G78*(1+H79) -> 306324 | I78: =+H78*(1+I79) -> 358294.62 | J78: =+I78*(1+J79) -> 394523.74 | K78: =+J78*(1+K79) -> 431162.06 | L78: =+K78*(1+L79) -> 469086.06
B79: % of growth | E79: 0.181 | F79: =+(F78-E78)/E78 -> 0.080925166 | G79: =+(G78-F78)/F78 -> -0.14325466 | H79: =+OFFSET(H79,$C$7,0) -> 0.18301504 | I79: =+OFFSET(I79,$C$7,0) -> 0.169659 | J79: =+OFFSET(J79,$C$7,0) -> 0.10111544 | K79: =+OFFSET(K79,$C$7,0) -> 0.092867193 | L79: =+OFFSET(L79,$C$7,0) -> 0.087957659
B80: Bear Case | H80: =+H81-1.5% -> 0.16801504 | I80: =+I81-1.5% -> 0.154659 | J80: =+J81-1.5% -> 0.086115444 | K80: =+K81-1.5% -> 0.077867193 | L80: =+L81-1.5% -> 0.072957659
B81: Base Case | H81: =+H18 -> 0.18301504 | I81: =+I18 -> 0.169659 | J81: =+J18 -> 0.10111544 | K81: =+K18 -> 0.092867193 | L81: =+L18 -> 0.087957659
B82: Bull Case | H82: =+H81+1.5% -> 0.19801504 | I82: =+I81+1.5% -> 0.184659 | J82: =+J81+1.5% -> 0.11611544 | K82: =+K81+1.5% -> 0.10786719 | L82: =+L81+1.5% -> 0.10295766
B84: EBIT | E84: =E23 -> 51053.966 | F84: =F23 -> 42457.882 | G84: =G23 -> 5776.547 | H84: =+H85*H78 -> 36238.129 | I84: =+I85*I78 -> 50985.325 | J84: =+J85*J78 -> 61506.252 | K84: =+K85*K78 -> 51739.447 | L84: =+L85*L78 -> 56290.327
B85: % of revenue | E85: =+E84/E$17 -> 0.18259383 | F85: =+F84/F$17 -> 0.14048156 | G85: =+G84/G$17 -> 0.022308869 | H85: =+OFFSET(H85,$C$8,0) -> 0.1183 | I85: =+OFFSET(I85,$C$8,0) -> 0.1423 | J85: =+OFFSET(J85,$C$8,0) -> 0.1559 | K85: =+OFFSET(K85,$C$8,0) -> 0.12 | L85: =+OFFSET(L85,$C$8,0) -> 0.12
B86: Bear Case | H86: =+H87-1.5% -> 0.1033 | I86: =+I87-1.5% -> 0.1273 | J86: =+J87-1.5% -> 0.1409 | K86: =+K87-1.5% -> 0.105 | L86: =+L87-1.5% -> 0.105
B87: Base Case | H87: =+H24 -> 0.1183 | I87: =+I24 -> 0.1423 | J87: =+J24 -> 0.1559 | K87: =+K24 -> 0.12 | L87: =+L24 -> 0.12
B88: Bull Case | H88: =+H87+1.5% -> 0.1333 | I88: =+I87+1.5% -> 0.1573 | J88: =+J87+1.5% -> 0.1709 | K88: =+K87+1.5% -> 0.135 | L88: =+L87+1.5% -> 0.135
B90: Taxes | E90: =E34 -> -13444 | F90: =F34 -> 9214 | G90: =G34 -> 4481 | H90: =H34 -> -1970.1793 | I90: =I34 -> -10198.187 | J90: =J34 -> -12154.188 | K90: =K34 -> -14373.928 | L90: =L34 -> -16154.499
B91: Tax rate | E91: =-E90/E$32 -> 0.25623254 | F91: =-F90/F$32 -> -0.20209295 | G91: =-G90/G$32 -> -0.47677583 | H91: =+H35 -> -0.05 | I91: =+I35 -> -0.2 | J91: =+J35 -> -0.2 | K91: =+K35 -> -0.2 | L91: =+L35 -> -0.2
B93: NOPAT | E93: =+E84-E90 -> 64497.966 | F93: =+F84-F90 -> 33243.882 | G93: =+G84-G90 -> 1295.547 | H93: =+H84-H90 -> 38208.309 | I93: =+I84-I90 -> 61183.512 | J93: =+J84-J90 -> 73660.439 | K93: =+K84-K90 -> 66113.375 | L93: =+L84-L90 -> 72444.826
B95: Depreciation & Amortization | E95: =+E66 -> 34247.361 | F95: =+F66 -> 39107.659 | G95: =+G66 -> 38666.559 | H95: =+H66 -> 45640.402 | I95: =+I66 -> 50542.025 | J95: =+J66 -> 55772.564 | K95: =+K66 -> 62699.395 | L95: =+L66 -> 68914.265
B96: % of PP&E | E96: =+E67 -> 0.20125998 | F96: =+F67 -> 0.20772871 | G96: =+G67 -> 0.18412812 | H96: =+H67 -> 0.1977056 | I96: =+I67 -> 0.19652081 | J96: =+J67 -> 0.19278484 | K96: =+K67 -> 0.19567042 | L96: =+L67 -> 0.19499202
B98: CapEx | E98: =+E69 -> -48807.817 | F98: =+F69 -> -52885.392 | G98: =+G69 -> -60424.082 | H98: =+H69 -> -59518.757 | I98: =+I69 -> -71974.169 | J98: =+J69 -> -82657.463 | K98: =+K69 -> -86906.73 | L98: =+L69 -> -95686.648
B99: % of revenue | E99: =+E70 -> 0.17456051 | F99: =+F70 -> 0.17498335 | G99: =+G70 -> 0.23335618 | H99: =+H70 -> 0.19430001 | I99: =+I70 -> 0.20087985 | J99: =+J70 -> 0.20951201 | K99: =+K70 -> 0.20156396 | L99: =+L70 -> 0.20398527
B101: Changes in NWC | E101: =+E72 -> 0 | F101: =+F72 -> -7723 | G101: =+G72 -> -4207 | H101: =+H72 -> 2184.0193 | I101: =+I72 -> -7624.1522 | J101: =+J72 -> -5262.6896 | K101: =+K72 -> -3713.8187 | L101: =+L72 -> -5163.6321
B102: % chage in revenue | E102: =+E73 -> 0 | F102: =+F73 -> -0.34131789 | G102: =+G73 -> 0.09716833 | H102: =+H73 -> 0 | I102: =+I73 -> 0 | J102: =+J73 -> 0 | K102: =+K73 -> 0 | L102: =+L73 -> 0
B104: FCF | H104: =+H93+H95+H98+H101 -> 26513.973 | I104: =+I93+I95+I98+I101 -> 32127.216 | J104: =+J93+J95+J98+J101 -> 41512.85 | K104: =+K93+K95+K98+K101 -> 38192.221 | L104: =+L93+L95+L98+L101 -> 40508.811
B105: Present Value of FCF | H105: =+H104/(1+$C$12)^H107 -> 25734.154 | I105: =+I104/(1+$C$12)^I107 -> 29067.156 | J105: =+J104/(1+$C$12)^J107 -> 35011.147 | K105: =+K104/(1+$C$12)^K107 -> 30025.694 | L105: =+L104/(1+$C$12)^L107 -> 29686.704
B107: Sensitivity to the Period | H107: =+H108/2 -> 0.425 | I107: =+H107+1 -> 1.425 | J107: =+I107+1 -> 2.425 | K107: =+J107+1 -> 3.425 | L107: =+K107+1 -> 4.425
B108: Period | H108: =YEARFRAC(P108,P109) -> 0.85 | P108: =TODAY() -> 45967
P109: 45657
B110: Terminal Value | L110: =+(L104*(1+$C$13))/($C$12-$C$13) -> 1110121 | S110: =+(S104*(1+$C$13))/($C$12-$C$13) -> 0
B111: Preset Value of Terminal Value | L111: =+L110/(1+$C$12)^L107 -> 813547.3
B112: Enterprise Value | L112: =+SUM(H105:L105,L111) -> 963072.15
B113: (+) Cash | L113: 49844
B114: (-) Minority Interest | L114: 31644
B115: (-) Preferred Stock | L115: 11946.7
B116: (-) Debt | L116: 16481
B117: Equity Value | L117: =+L112+L113-L114-L115-L116 -> 952844.45
B119: Shares outstanding | L119: {=_FV($V$4,"Shares outstanding",TRUE)/1000} -> 6735613 | N119: 2025
A120: x | B120: Implicit Stock Value | L120: =+L117/L119*1000000 -> 141463.66 | N120: =L120/(1+WACC!G22)^4 -> 106812.55
B122: Stock value | L122: {=_FV($V$4,"Price",TRUE)} -> 99200
B123: Upside (downside) | L123: =+(L120-L122)/L122 -> 0.42604494

Sheet TradingComps
B2: Trading Comparables
B4: Date | C4: =TODAY() -> 45967
B5: Currency | C5: USD
AB7: Trading Multiples
D8: Current | E8: Share | F8: Enterprise | G8: Market | J8: Revenue | M8: EBITDA | P8: Net Income | S8: Revenue Growth | U8: EBITDA Margin | W8: Profit Margin | Z8: EV / Revenue | AB8: EV / EBITDA | AD8: P / E
B9: Ticker | C9: Company Name | D9: Price | E9: Count | F9: Value | G9: Cap | I9: 2021 | J9: 2022 | K9: 2023 | M9: 2022 | N9: 2023 | P9: 2022 | Q9: 2023 | S9: 21-22 | T9: 22-23 | U9: 2022 | V9: 2023 | W9: 2022 | X9: 2023 | Z9: '22 | AA9: '23 | AB9: '22 | AC9: '23 | AD9: '22 | AE9: '23
A10: #VALUE! | B10: {=_FV(A10,"Ticker symbol",TRUE)} -> 005930 | C10: {=_FV(A10,"Name")} -> Samsung Electronics Co., Ltd. | D10: {=+_FV(A10,"Price")} -> 99200 | E10: {=+_FV(A10,"Shares outstanding",TRUE)/1000000} -> 6735.613 | F10: 311644283 | G10: {=+_FV(A10,"Market cap",TRUE)/1000000} -> 687879900 | I10: 236806988 | J10: 302231360 | K10: 258935494 | M10: 81285051 | N10: 44033523 | P10: 14473401 | Q10: 14473401 | S10: =+(J10-I10)/I10 -> 0.2762772 | T10: =+(K10-J10)/J10 -> -0.14325405 | U10: =+M10/J10 -> 0.26894976 | V10: =+N10/K10 -> 0.17005596 | W10: =+P10/J10 -> 0.047888482 | X10: =+Q10/K10 -> 0.055895778 | Z10: =+$F10/J10 -> 1.0311448 | AA10: =+$F10/K10 -> 1.2035595 | AB10: =+$F10/M10 -> 3.833968 | AC10: =+$F10/N10 -> 7.0774324 | AD10: =+$G10/P10 -> 47.527178 | AE10: =+$G10/Q10 -> 47.527178
A12: #VALUE! | B12: {=_FV(A12,"Ticker symbol",TRUE)} -> AAPL | C12: {=_FV(A12,"Name")} -> APPLE INC. | D12: {=+_FV(A12,"Price")} -> 270.14 | E12: {=+_FV(A12,"Shares outstanding",TRUE)/1000000} -> 14776.35 | F12: 3482431 | G12: {=+_FV(A12,"Market cap",TRUE)/1000000} -> 3991683.2 | I12: 365817 | J12: 394328 | K12: 391035 | M12: 125820 | N12: 134661 | P12: 96995 | Q12: 93736 | S12: =+(J12-I12)/I12 -> 0.077937876 | T12: =+(K12-J12)/J12 -> -0.008350916 | U12: =+M12/J12 -> 0.31907448 | V12: =+N12/K12 -> 0.34437071 | W12: =+P12/J12 -> 0.24597543 | X12: =+Q12/K12 -> 0.23971256 | Z12: =+$F12/J12 -> 8.8313054 | AA12: =+$F12/K12 -> 8.905676 | AB12: =+$F12/M12 -> 27.677881 | AC12: =+$F12/N12 -> 25.860724 | AD12: =+$G12/P12 -> 41.153494 | AE12: =+$G12/Q12 -> 42.584313
A13: #VALUE! | B13: {=_FV(A13,"Ticker symbol",TRUE)} -> TSM | C13: {=_FV(A13,"Name")} -> Taiwan Semiconductor Manufacturing Co., Ltd. | D13: {=+_FV(A13,"Price")} -> 293.95 | E13: {=+_FV(A13,"Shares outstanding",TRUE)/1000000} -> 5186.523 | F13: 25082443 | G13: {=+_FV(A13,"Market cap",TRUE)/1000000} -> 1262448 | I13: 1587415 | J13: 2263891 | K13: 2161736 | M13: 1551476 | N13: 144889 | P13: 1016530 | Q13: 838498 | S13: =+(J13-I13)/I13 -> 0.42614943 | T13: =+(K13-J13)/J13 -> -0.045123639 | U13: =+M13/J13 -> 0.68531391 | V13: =+N13/K13 -> 0.067024373 | W13: =+P13/J13 -> 0.44901897 | X13: =+Q13/K13 -> 0.38788178 | Z13: =+$F13/J13 -> 11.079351 | AA13: =+$F13/K13 -> 11.602917 | AB13: =+$F13/M13 -> 16.166826 | AC13: =+$F13/N13 -> 173.11489 | AD13: =+$G13/P13 -> 1.2419191 | AE13: =+$G13/Q13 -> 1.5056065
A14: #VALUE! | B14: {=_FV(A14,"Ticker symbol",TRUE)} -> INTC | C14: {=_FV(A14,"Name")} -> INTEL CORPORATION | D14: {=+_FV(A14,"Price")} -> 38.38 | E14: {=+_FV(A14,"Shares outstanding",TRUE)/1000000} -> 4766 | F14: 137766 | G14: {=+_FV(A14,"Market cap",TRUE)/1000000} -> 182919.08 | I14: 79020 | J14: 63050 | K14: 54230 | M14: 15369 | N14: 9695 | P14: 8014 | Q14: 1689 | S14: =+(J14-I14)/I14 -> -0.20210073 | T14: =+(K14-J14)/J14 -> -0.13988898 | U14: =+M14/J14 -> 0.24375892 | V14: =+N14/K14 -> 0.17877559 | W14: =+P14/J14 -> 0.12710547 | X14: =+Q14/K14 -> 0.031145123 | Z14: =+$F14/J14 -> 2.1850278 | AA14: =+$F14/K14 -> 2.540402 | AB14: =+$F14/M14 -> 8.9638883 | AC14: =+$F14/N14 -> 14.210005 | AD14: =+$G14/P14 -> 22.824941 | AE14: =+$G14/Q14 -> 108.30022
A15: #VALUE! | B15: {=_FV(A15,"Ticker symbol",TRUE)} -> 000660 | C15: {=_FV(A15,"Name")} -> SK hynix Inc. | D15: {=+_FV(A15,"Price")} -> 593000 | E15: {=+_FV(A15,"Shares outstanding",TRUE)/1000000} -> 728.0024 | F15: 135534110 | G15: {=+_FV(A15,"Market cap",TRUE)/1000000} -> 426609400 | I15: 42997792 | J15: 44621568 | K15: 32756719 | M15: 20325873 | N15: 5300545 | P15: 2229560 | Q15: -9112428 | S15: =+(J15-I15)/I15 -> 0.037764172 | T15: =+(K15-J15)/J15 -> -0.26589942 | U15: =+M15/J15 -> 0.45551678 | V15: =+N15/K15 -> 0.1618155 | W15: =+P15/J15 -> 0.049965972 | X15: =+Q15/K15 -> -0.278185 | Z15: =+$F15/J15 -> 3.0374125 | AA15: =+$F15/K15 -> 4.1375972 | AB15: =+$F15/M15 -> 6.6680585 | AC15: =+$F15/N15 -> 25.569844 | AD15: =+$G15/P15 -> 191.34242 | AE15: =+$G15/Q15 -> -46.816216
A16: #VALUE! | B16: {=_FV(A16,"Ticker symbol",TRUE)} -> SONY | C16: {=_FV(A16,"Name")} -> Sony Group Corporation | D16: {=+_FV(A16,"Price")} -> 28.08 | E16: {=+_FV(A16,"Shares outstanding",TRUE)/1000000} -> 6149.811 | F16: 20204125 | G16: {=+_FV(A16,"Market cap",TRUE)/1000000} -> 171282.3 | I16: 9921513 | J16: 10974373 | K16: 13020768 | M16: 1597469 | N16: 1547616 | P16: 1005277 | Q16: 970573 | S16: =+(J16-I16)/I16 -> 0.1061189 | T16: =+(K16-J16)/J16 -> 0.18647033 | U16: =+M16/J16 -> 0.14556358 | V16: =+N16/K16 -> 0.11885751 | W16: =+P16/J16 -> 0.091602226 | X16: =+Q16/K16 -> 0.07454038 | Z16: =+$F16/J16 -> 1.8410277 | AA16: =+$F16/K16 -> 1.5516846 | AB16: =+$F16/M16 -> 12.647585 | AC16: =+$F16/N16 -> 13.054999 | AD16: =+$G16/P16 -> 0.17038319 | AE16: =+$G16/Q16 -> 0.17647544
A17: #VALUE! | B17: {=_FV(A17,"Ticker symbol",TRUE)} -> MU | C17: {=_FV(A17,"Name")} -> MICRON TECHNOLOGY, INC. | D17: {=+_FV(A17,"Price")} -> 237.5 | E17: {=+_FV(A17,"Shares outstanding",TRUE)/1000000} -> 1122.466 | F17: 120767 | G17: {=+_FV(A17,"Market cap",TRUE)/1000000} -> 266585.67 | I17: 30758 | J17: 15540 | K17: 25111 | M17: 2211 | N17: 8944 | P17: -5833 | Q17: 778 | S17: =+(J17-I17)/I17 -> -0.49476559 | T17: =+(K17-J17)/J17 -> 0.61589447 | U17: =+M17/J17 -> 0.14227799 | V17: =+N17/K17 -> 0.35617857 | W17: =+P17/J17 -> -0.37535393 | X17: =+Q17/K17 -> 0.030982438 | Z17: =+$F17/J17 -> 7.7713642 | AA17: =+$F17/K17 -> 4.8093266 | AB17: =+$F17/M17 -> 54.620986 | AC17: =+$F17/N17 -> 13.502572 | AD17: =+$G17/P17 -> -45.703013 | AE17: =+$G17/Q17 -> 342.65511
A18: #VALUE! | B18: {=_FV(A18,"Ticker symbol",TRUE)} -> 066570 | C18: {=_FV(A18,"Name")} -> LG ELECTRONICS INC. | D18: {=+_FV(A18,"Price")} -> 91700 | E18: {=+_FV(A18,"Shares outstanding",TRUE)/1000000} -> 180.0724 | F18: 27766663 | G18: {=+_FV(A18,"Market cap",TRUE)/1000000} -> 15229200 | I18: 73907984 | J18: 83467318 | K18: 84227765 | M18: 6536092 | N18: 6767352 | P18: 1196442 | Q18: 712902 | S18: =+(J18-I18)/I18 -> 0.12934102 | T18: =+(K18-J18)/J18 -> 0.0091107156 | U18: =+M18/J18 -> 0.0783072 | V18: =+N18/K18 -> 0.080345857 | W18: =+P18/J18 -> 0.014334257 | X18: =+Q18/K18 -> 0.0084639786 | Z18: =+$F18/J18 -> 0.33266509 | AA18: =+$F18/K18 -> 0.32966164 | AB18: =+$F18/M18 -> 4.2482057 | AC18: =+$F18/N18 -> 4.1030322 | AD18: =+$G18/P18 -> 12.728741 | AE18: =+$G18/Q18 -> 21.362263
A19: #VALUE! | B19: {=_FV(A19,"Ticker symbol",TRUE)} -> 1810 | C19: {=_FV(A19,"Name")} -> XIAOMI CORPORATION | D19: {=+_FV(A19,"Price")} -> 43.44 | E19: {=+_FV(A19,"Shares outstanding",TRUE)/1000000} -> 26069.27 | F19: 555964 | G19: {=+_FV(A19,"Market cap",TRUE)/1000000} -> 1131928 | I19: 328309 | J19: 280044 | K19: 270970 | M19: 8534 | N19: 18294 | P19: 2474 | Q19: 17475 | S19: =+(J19-I19)/I19 -> -0.1470109 | T19: =+(K19-J19)/J19 -> -0.032402051 | U19: =+M19/J19 -> 0.030473783 | V19: =+N19/K19 -> 0.067513009 | W19: =+P19/J19 -> 0.008834326 | X19: =+Q19/K19 -> 0.064490534 | Z19: =+$F19/J19 -> 1.9852737 | AA19: =+$F19/K19 -> 2.0517548 | AB19: =+$F19/M19 -> 65.146942 | AC19: =+$F19/N19 -> 30.390511 | AD19: =+$G19/P19 -> 457.52951 | AE19: =+$G19/Q19 -> 64.774134
B21: Mean | S21: =AVERAGE(S12:S19) -> -0.0083207281 | T21: =AVERAGE(T12:T19) -> 0.039976314 | U21: =AVERAGE(U12:U19) -> 0.26253583 | V21: =AVERAGE(V12:V19) -> 0.17186014 | W21: =AVERAGE(W12:W19) -> 0.076435341 | X21: =AVERAGE(X12:X19) -> 0.069878973 | Z21: =AVERAGE(Z12:Z19) -> 4.6329284 | AA21: =AVERAGE(AA12:AA19) -> 4.4911275 | AB21: =AVERAGE(AB12:AB19) -> 24.517547 | AC21: =AVERAGE(AC12:AC19) -> 37.475822 | AD21: =AVERAGE(AD12:AD19) -> 85.161049 | AE21: =AVERAGE(AE12:AE19) -> 66.817739
B22: Median | S22: =MEDIAN(S12:S19) -> 0.057851024 | T22: =MEDIAN(T12:T19) -> -0.020376484 | U22: =MEDIAN(U12:U19) -> 0.19466125 | V22: =MEDIAN(V12:V19) -> 0.1403365 | W22: =MEDIAN(W12:W19) -> 0.070784099 | X22: =MEDIAN(X12:X19) -> 0.047817828 | Z22: =MEDIAN(Z12:Z19) -> 2.6112201 | AA22: =MEDIAN(AA12:AA19) -> 3.3389996 | AB22: =MEDIAN(AB12:AB19) -> 14.407206 | AC22: =MEDIAN(AC12:AC19) -> 19.889925 | AD22: =MEDIAN(AD12:AD19) -> 17.776841 | AE22: =MEDIAN(AE12:AE19) -> 31.973288
D24: Trading Multiple | H24: 2023 Financial Metric | L24: Enterprise Value | V24: Equity Value | AA24: Implied Share Price
B25: Calculating Implied Share Price | D25: Revenue | E25: EBITDA | F25: P/E | H25: Revenue | I25: EBITDA | J25: EPS | L25: Revenue | M25: EBITDA | N25: Net Income | P25: Cash | Q25: Debt | R25: Minority Interest | S25: Preferred Stock | T25: Shares | V25: Revenue | W25: EBITDA | X25: Net Income | AA25: Revenue | AB25: EBITDA | AC25: Net Income
B26: Minimum | D26: =MIN(AA10:AA19) -> 0.32966164 | E26: =MIN(AC10:AC19) -> 4.1030322 | F26: =MIN(AE10:AE19) -> -46.816216 | H26: =+$K$10 -> 258935494 | I26: =+$N$10 -> 44033523 | J26: =+$Q$10/$E$10 -> 2148.7875 | L26: =+D26*H26 -> 85361099 | M26: =+E26*I26 -> 1.8067096e+08 | N26: -- | P26: 49844 | Q26: 16481 | R26: 31644 | S26: =+$E$10 -> 6735.613 | T26: 11947 | V26: =+L26+P26-Q26-R26-S26 -> 85356083 | W26: =+M26+P26-Q26-R26-S26 -> 1.8066595e+08 | X26: =+J26*T26*F26 -> -1.2018455e+09 | AA26: =+V26/$T26 -> 7144.562 | AB26: =+W26/$T26 -> 15122.286 | AC26: =+X26/T26 -> -100598.1
B27: Mean | D27: =AA21 -> 4.4911275 | E27: =AC21 -> 37.475822 | F27: =AE21 -> 66.817739 | H27: =+$K$10 -> 258935494 | I27: =+$N$10 -> 44033523 | J27: =+$Q$10/$E$10 -> 2148.7875 | L27: =+D27*H27 -> 1.1629123e+09 | M27: =+E27*I27 -> 1.6501925e+09 | N27: -- | P27: 49844 | Q27: 16481 | R27: 31644 | S27: =+$E$10 -> 6735.613 | T27: 11947 | V27: =+L27+P27-Q27-R27-S27 -> 1.1629073e+09 | W27: =+M27+P27-Q27-R27-S27 -> 1.6501874e+09 | X27: =+J27*T27*F27 -> 1.7153159e+09 | AA27: =+V27/$T27 -> 97338.854 | AB27: =+W27/$T27 -> 138125.68 | AC27: =+X27/T27 -> 143577.12
B28: Median | D28: =AA22 -> 3.3389996 | E28: =AC22 -> 19.889925 | F28: =AE22 -> 31.973288 | H28: =+$K$10 -> 258935494 | I28: =+$N$10 -> 44033523 | J28: =+$Q$10/$E$10 -> 2148.7875 | L28: =+D28*H28 -> 8.6458551e+08 | M28: =+E28*I28 -> 8.7582346e+08 | N28: -- | P28: 49844 | Q28: 16481 | R28: 31644 | S28: =+$E$10 -> 6735.613 | T28: 11947 | V28: =+L28+P28-Q28-R28-S28 -> 8.645805e+08 | W28: =+M28+P28-Q28-R28-S28 -> 8.7581844e+08 | X28: =+J28*T28*F28 -> 8.2080432e+08 | AA28: =+V28/$T28 -> 72368 | AB28: =+W28/$T28 -> 73308.65 | AC28: =+X28/T28 -> 68703.802
B29: Maximum | D29: =MAX(AA10:AA19) -> 11.602917 | E29: =MAX(AC10:AC19) -> 173.11489 | F29: =MAX(AE10:AE19) -> 342.65511 | H29: =+$K$10 -> 258935494 | I29: =+$N$10 -> 44033523 | J29: =+$Q$10/$E$10 -> 2148.7875 | L29: =+D29*H29 -> 3.004407e+09 | M29: =+E29*I29 -> 7.6228584e+09 | N29: -- | P29: 49844 | Q29: 16481 | R29: 31644 | S29: =+$E$10 -> 6735.613 | T29: 11947 | V29: =+L29+P29-Q29-R29-S29 -> 3.004402e+09 | W29: =+M29+P29-Q29-R29-S29 -> 7.6228534e+09 | X29: =+J29*T29*F29 -> 8.7964926e+09 | AA29: =+V29/$T29 -> 251477.52 | AB29: =+W29/$T29 -> 638055.86 | AC29: =+X29/T29 -> 736293.01
B30: Korean Average | D30: =AVERAGE(AA15,AA18) -> 2.2336294 | E30: =AVERAGE(AC15,AC18) -> 14.836438 | F30: =AVERAGE(AE15,AE18) -> -12.726977 | H30: =+$K$10 -> 258935494 | I30: =+$N$10 -> 44033523 | J30: =+$Q$10/$E$10 -> 2148.7875 | L30: =+D30*H30 -> 5.7836594e+08 | M30: =+E30*I30 -> 6.5330064e+08 | N30: -- | P30: 49844 | Q30: 16481 | R30: 31644 | S30: =+$E$10 -> 6735.613 | T30: 11947 | V30: =+L30+P30-Q30-R30-S30 -> 5.7836093e+08 | W30: =+M30+P30-Q30-R30-S30 -> 6.5329563e+08 | X30: =+J30*T30*F30 -> -3.267214e+08 | AA30: =+V30/$T30 -> 48410.557 | AB30: =+W30/$T30 -> 54682.818 | AC30: =+X30/T30 -> -27347.568

Sheet DCF Support
B2: {=_FV(#REF!,"Official name",TRUE)} -> #VALUE!
B4: Income Statement | D4: 2021 | E4: =+D4+1 -> 2022 | F4: =+E4+1 -> 2023 | G4: =+F4+1 -> 2024 | H4: =+G4+1 -> 2025 | I4: =+H4+1 -> 2026 | J4: =+I4+1 -> 2027 | K4: =+J4+1 -> 2028
B6: Revenue | D6: 279604 | E6: 302231 | F6: 258935 | G6: =+G13+G24+G38+G52 -> 306324 | H6: =+H13+H24+H38+H52 -> 358294.62 | I6: =+I13+I24+I38+I52 -> 394523.74 | J6: =+J13+J24+J38+J52 -> 431162.06 | K6: =+K13+K24+K38+K52 -> 469086.06
B7: % growth | D7: 0.181 | E7: =+(E6-D6)/D6 -> 0.080925166 | F7: =+(F6-E6)/E6 -> -0.14325466 | G7: =+(G6-F6)/F6 -> 0.18301504 | H7: =+(H6-G6)/G6 -> 0.169659 | I7: =+(I6-H6)/H6 -> 0.10111544 | J7: =+(J6-I6)/I6 -> 0.092867193 | K7: =+(K6-J6)/J6 -> 0.087957659
B8: Operating Profit | D8: =(51633856+2205695-2055971-729614)/1000 -> 51053.966 | E8: =(43376630+1962071-1790176-1090643)/1000 -> 42457.882 | F8: =(6566976+1180448-1083327-887550)/1000 -> 5776.547 | G8: =+G15+G26+G40+G54 -> 37236 | H8: =+H15+H26+H40+H54 -> 47753.506 | I8: =+I15+I26+I40+I54 -> 56948.269 | J8: =+J15+J26+J40+J54 -> 68272.704 | K8: =+K15+K26+K40+K54 -> 76713.85
B9: % revenue | D9: =+D8/D$6 -> 0.18259383 | E9: =+E8/E$6 -> 0.14048156 | F9: =+F8/F$6 -> 0.022308869 | G9: =+G8/G$6 -> 0.12155757 | H9: =+H8/H$6 -> 0.13328 | I9: =+I8/I$6 -> 0.14434687 | J9: =+J8/J$6 -> 0.15834581 | K9: =+K8/K$6 -> 0.16353897 | M9: 0.1095
B11: DX (Final Products, Mobile, Tablets) | D11: 2021 | E11: =+D11+1 -> 2022 | F11: =+E11+1 -> 2023 | G11: =+F11+1 -> 2024 | H11: =+G11+1 -> 2025 | I11: =+H11+1 -> 2026 | J11: =+I11+1 -> 2027 | K11: =+J11+1 -> 2028
B13: Revenue | D13: 166260 | E13: 182490 | F13: 169990 | G13: 176143 | H13: 179564 | I13: =+H13*(1+I14) -> 186746.56 | J13: =+I13*(1+J14) -> 194216.42 | K13: =+J13*(1+K14) -> 201985.08
B14: % growth | E14: =+(E13-D13)/D13 -> 0.097618188 | F14: =+(F13-E13)/E13 -> -0.068496904 | G14: =+(G13-F13)/F13 -> 0.036196247 | H14: =+(H13-G13)/G13 -> 0.01942172 | I14: 0.04 | J14: 0.04 | K14: 0.04 | P14: 6.77483
B15: Operating Profit | D15: 17390 | E15: 12750 | F15: 14380 | G15: 12680 | H15: 13012 | I15: 13613 | J15: =+I15*(1+J16) -> 14620.362 | K15: =+J15*(1+K16) -> 15716.889
B16: % revenue | D16: =+D15/D13 -> 0.10459521 | E16: =+E15/E13 -> 0.069866842 | F16: =+F15/F13 -> 0.084593211 | G16: =+G15/G13 -> 0.071986965 | H16: =+H15/H13 -> 0.072464414 | I16: =+I15/I13 -> 0.072895586 | J16: 0.074 | K16: 0.075
B17: Depreciation | D17: 2373 | E17: 2521 | F17: 2524 | G17: =+G18*G13 -> 2520.9124 | H17: =+H18*H13 -> 2572.202 | I17: =+I18*I13 -> 2706.8527 | J17: =+J18*J13 -> 2792.265 | K17: =+K18*K13 -> 2908.355
B18: % revenue | D18: =+D17/D13 -> 0.014272826 | E18: =+E17/E13 -> 0.013814456 | F18: =+F17/F13 -> 0.014847932 | G18: =+AVERAGE(D18:F18) -> 0.014311738 | H18: =+AVERAGE(E18:G18) -> 0.014324709 | I18: =+AVERAGE(F18:H18) -> 0.014494793 | J18: =+AVERAGE(G18:I18) -> 0.01437708 | K18: =+AVERAGE(H18:J18) -> 0.01439886
B19: Amortization | D19: 1435 | E19: 1679 | F19: 1722 | G19: =+G20*G13 -> 1641.745 | H19: =+H20*H13 -> 1714.8982 | I19: =+I20*I13 -> 1805.2713 | J19: =+J20*J13 -> 1847.505 | K19: =+K20*K13 -> 1934.3379 | M19: EPS | N19: =M22/P14 -> 5791.0326
B20: % revenue | D20: =+D19/D13 -> 0.0086310598 | E20: =+E19/E13 -> 0.0092005041 | F20: =+F19/F13 -> 0.010130008 | G20: =+AVERAGE(D20:F20) -> 0.0093205239 | H20: =+AVERAGE(E20:G20) -> 0.0095503452 | I20: =+AVERAGE(F20:H20) -> 0.0096669589 | J20: =+AVERAGE(G20:I20) -> 0.0095126093 | K20: =+AVERAGE(H20:J20) -> 0.0095766378
B22: DS (Semiconductors, Memory, DRAM, NAND) | D22: 2021 | E22: =+D22+1 -> 2022 | F22: =+E22+1 -> 2023 | G22: =+F22+1 -> 2024 | H22: =+G22+1 -> 2025 | I22: =+H22+1 -> 2026 | J22: =+I22+1 -> 2027 | K22: =+J22+1 -> 2028 | M22: =H6*M9 -> 39233.261 | P22: =N33/N19 -> 12.36032
B24: Revenue | D24: 95390 | E24: 98460 | F24: 66590 | G24: 85724 | H24: 131212 | I24: =+H24*(1+I25) -> 157454.4 | J24: =+I24*(1+J25) -> 184221.65 | K24: =+J24*(1+K25) -> 211854.9
B25: % growth | D25: 0.181 | E25: =+(E24-D24)/D24 -> 0.032183667 | F25: =+(F24-E24)/E24 -> -0.32368475 | G25: =+(G24-F24)/F24 -> 0.28734044 | H25: =+(H24-G24)/G24 -> 0.53063319 | I25: 0.2 | J25: 0.17 | K25: 0.15 | M25: 2021 | N25: 2022 | O25: 2023
B26: Operating Profit | D26: 29190 | E26: 23820 | F26: -14880 | G26: 18927 | H26: 28630 | I26: 36583 | J26: =+J27*J24 -> 46239.634 | K26: =+K27*K24 -> 53175.579 | M26: 0.1427 | N26: 0.1841 | O26: 0.0598
B27: % revenue | D27: =+D26/D24 -> 0.30600692 | E27: =+E26/E24 -> 0.24192566 | F27: =+F26/F24 -> -0.22345698 | G27: =+G26/G24 -> 0.22078998 | H27: =+H26/H24 -> 0.21819651 | I27: =+I26/I24 -> 0.23234028 | J27: 0.251 | K27: 0.251
B28: Assets | D28: 315827 | E28: 262056 | F28: 287141 | G28: =+F28-F31-F29+G33 -> 308991.45 | H28: =+G28-G31-G29+H33 -> 356710.07 | I28: =+H28-H31-H29+I33 -> 414290.26 | J28: =+I28-I31-I29+J33 -> 482601.75 | K28: =+J28-J31-J29+K33 -> 560545.31
B29: Depreciation | D29: 28353 | E29: 28196 | F29: 29371 | G29: =+G30*G28 -> 30863.804 | H29: =+H30*H28 -> 36832.535 | I29: =+I30*I28 -> 42178.833 | J29: =+J30*J28 -> 49056.743 | K29: =+K30*K28 -> 57309.528
B30: % of assets | D30: =+D29/D28 -> 0.089773832 | E30: =+E29/E28 -> 0.10759532 | F30: =+F29/F28 -> 0.10228773 | G30: =AVERAGE(D30:F30) -> 0.099885627 | H30: =AVERAGE(E30:G30) -> 0.10325623 | I30: =AVERAGE(F30:H30) -> 0.10180986 | J30: =AVERAGE(G30:I30) -> 0.10165057 | K30: =AVERAGE(H30:J30) -> 0.10223889
B31: Amortization | D31: 1179 | E31: 809 | F31: 754 | G31: =+G32*G28 -> 972.91832 | H31: =+H32*H28 -> 1053.6864 | I31: =+I32*I28 -> 1205.3746 | J31: =+J32*J28 -> 1449.7493 | K31: =+K32*K28 -> 1656.8641
B32: % of assets | D32: =+D31/D28 -> 0.0037330564 | E32: =+E31/E28 -> 0.0030871264 | F32: =+F31/F28 -> 0.0026258876 | G32: =AVERAGE(D32:F32) -> 0.0031486901 | H32: =AVERAGE(E32:G32) -> 0.0029539014 | I32: =AVERAGE(F32:H32) -> 0.0029094931 | J32: =AVERAGE(G32:I32) -> 0.0030040282 | K32: =AVERAGE(H32:J32) -> 0.0029558076
B33: CapEx | E33: 47872 | F33: 48372 | G33: =+G34*G24 -> 51975.446 | H33: =+H34*H24 -> 79555.343 | I33: =+I34*I24 -> 95466.411 | J33: =+J34*J24 -> 111695.7 | K33: =+K34*K24 -> 128450.06 | N33: =(Figures!F7)/(1+WACC!G22)^4 -> 71579.016
B34: % revenue | E34: =+E33/E24 -> 0.4862076 | F34: =+F33/F24 -> 0.72641538 | G34: =+AVERAGE(E34:F34) -> 0.60631149 | H34: =+G34 -> 0.60631149 | I34: =+H34 -> 0.60631149 | J34: =+I34 -> 0.60631149 | K34: =+J34 -> 0.60631149
B36: SDC (Displays) | D36: 2021 | E36: =+D36+1 -> 2022 | F36: =+E36+1 -> 2023 | G36: =+F36+1 -> 2024 | H36: =+G36+1 -> 2025 | I36: =+H36+1 -> 2026 | J36: =+I36+1 -> 2027 | K36: =+J36+1 -> 2028
B38: Revenue | D38: 31710 | E38: 34380 | F38: 30980 | G38: 30166 | H38: 32313 | I38: 34144 | J38: =+I38*(1+J39) -> 35509.76 | K38: =+J38*(1+K39) -> 36930.15
B39: % growth | E39: =+(E38-D38)/D38 -> 0.084200568 | F39: =+(F38-E38)/E38 -> -0.098894706 | G39: =+(G38-F38)/F38 -> -0.026275016 | H39: =+(H38-G38)/G38 -> 0.071172844 | I39: =+(I38-H38)/H38 -> 0.0566645 | J39: 0.04 | K39: 0.04
B40: Operating Profit | D40: 4460 | E40: 5950 | F40: 5570 | G40: 4402 | H40: 4743 | I40: 5280 | J40: 5829 | K40: 6118
B41: % growth | D41: =+D40/D38 -> 0.14064964 | E41: =+E40/E38 -> 0.17306574 | F41: =+F40/F38 -> 0.17979342 | G41: =+G40/G38 -> 0.14592588 | H41: =+H40/H38 -> 0.14678303 | I41: =+I40/I38 -> 0.15463918 | J41: =+J40/J38 -> 0.16415205 | K41: =+K40/K38 -> 0.1656641
B42: Assets | D42: 66884 | E42: 73780 | F42: 79275 | G42: =+F42-F45-F43+G47 -> 78278.047 | H42: =+G42-G45-G43+H47 -> 75616.076 | I42: =+H42-H45-H43+I47 -> 73820.989 | J42: =+I42-I45-I43+J47 -> 72464.473 | K42: =+J42-J45-J43+K47 -> 70963.185
B43: Depreciation | D43: 5504 | E43: 4768 | F43: 3108 | G43: =G42*G44 -> 4856.4114 | H43: =H42*H44 -> 4180.8226 | I43: =I42*I44 -> 3851.8797 | J43: =J42*J44 -> 4094.4676 | K43: =K42*K44 -> 3878.6557
B44: % of assets | D44: =+D43/D42 -> 0.082291729 | E44: =+E43/E42 -> 0.06462456 | F44: =+F43/F42 -> 0.039205298 | G44: =AVERAGE(D44:F44) -> 0.062040529 | H44: =AVERAGE(E44:G44) -> 0.055290129 | I44: =AVERAGE(F44:H44) -> 0.052178652 | J44: =AVERAGE(G44:I44) -> 0.056503103 | K44: =AVERAGE(H44:J44) -> 0.054657295
B45: Amortization | D45: 239 | E45: 237 | F45: 222 | G45: =G42*G46 -> 250.12398 | H45: =H42*H46 -> 232.08989 | I45: =I42*I46 -> 223.06304 | J45: =J42*J46 -> 224.30947 | K45: =K42*K46 -> 217.29957
B46: % of assets | D46: =+D45/D42 -> 0.0035733509 | E46: =+E45/E42 -> 0.0032122526 | F46: =+F45/F42 -> 0.0028003784 | G46: =AVERAGE(D46:F46) -> 0.0031953273 | H46: =AVERAGE(E46:G46) -> 0.0030693195 | I46: =AVERAGE(F46:H46) -> 0.0030216751 | J46: =AVERAGE(G46:I46) -> 0.0030954406 | K46: =AVERAGE(H46:J46) -> 0.003062145
B47: CapEx | D47: 2613 | E47: 2496 | F47: 2386 | G47: =+G48*G38 -> 2333.0466 | H47: =+H48*H38 -> 2444.5651 | I47: =+I48*I38 -> 2617.8248 | J47: =+J48*J38 -> 2718.4269 | K47: =+K48*K38 -> 2817.4894
B48: % revenue | D48: =+D47/D38 -> 0.082403027 | E48: =+E47/E38 -> 0.072600349 | F48: =+F47/F38 -> 0.077017431 | G48: =+AVERAGE(D48:F48) -> 0.077340269 | H48: =+AVERAGE(E48:G48) -> 0.075652683 | I48: =+AVERAGE(F48:H48) -> 0.076670128 | J48: =+AVERAGE(G48:I48) -> 0.07655436 | K48: =+AVERAGE(H48:J48) -> 0.07629239
B50: Harman (Audio/Automotive) | D50: 2021 | E50: =+D50+1 -> 2022 | F50: =+E50+1 -> 2023 | G50: =+F50+1 -> 2024 | H50: =+G50+1 -> 2025 | I50: =+H50+1 -> 2026 | J50: =+I50+1 -> 2027 | K50: =+J50+1 -> 2028
B52: Revenue | D52: 10040 | E52: 13210 | F52: 14390 | G52: 14291 | H52: =+G52*(1+H53) -> 15205.624 | I52: =+H52*(1+I53) -> 16178.784 | J52: =+I52*(1+J53) -> 17214.226 | K52: =+J52*(1+K53) -> 18315.937
B53: % growth | E53: =+(E52-D52)/D52 -> 0.31573705 | F53: =+(F52-E52)/E52 -> 0.089326268 | G53: =+(G52-F52)/F52 -> -0.0068797776 | H53: 0.064 | I53: 0.064 | J53: 0.064 | K53: 0.064
B54: Operating Profit | D54: 600 | E54: 880 | F54: 1170 | G54: 1227 | H54: =+H55*H52 -> 1368.5062 | I54: =+I55*I52 -> 1472.2693 | J54: =+J55*J52 -> 1583.7088 | K54: =+K55*K52 -> 1703.3821
B55: % growth | D55: =+D54/D52 -> 0.059760956 | E55: =+E54/E52 -> 0.0666162 | F55: =+F54/F52 -> 0.081306463 | G55: =+G54/G52 -> 0.085858232 | H55: 0.09 | I55: 0.091 | J55: 0.092 | K55: 0.093
B56: Depreciation | D56: 311 | E56: 331 | F56: 327 | G56: =+G57*G52 -> 375.17202 | H56: =+H57*H52 -> 375.24042 | I56: =+I57*I52 -> 397.2117 | J56: =+J57*J52 -> 433.11831 | K56: =+K57*K52 -> 454.17185
B57: % revenue | D57: =+D56/D52 -> 0.030976096 | E57: =+E56/E52 -> 0.025056775 | F57: =+F56/F52 -> 0.022724114 | G57: =+AVERAGE(D57:F57) -> 0.026252328 | H57: =+AVERAGE(E57:G57) -> 0.024677739 | I57: =+AVERAGE(F57:H57) -> 0.024551394 | J57: =+AVERAGE(G57:I57) -> 0.025160487 | K57: =+AVERAGE(H57:J57) -> 0.02479654
B58: Amortization | D58: 229 | E58: 211 | F58: 201 | G58: =+G59*G52 -> 251.28125 | H58: =+H59*H52 -> 240.87717 | I58: =+I59*I52 -> 255.58454 | J58: =+J59*J52 -> 282.43963 | K58: =+K59*K52 -> 293.33688
B59: % revenue | D59: =+D58/D52 -> 0.022808765 | E59: =+E58/E52 -> 0.015972748 | F59: =+F58/F52 -> 0.013968033 | G59: =+AVERAGE(D59:F59) -> 0.017583182 | H59: =+AVERAGE(E59:G59) -> 0.015841321 | I59: =+AVERAGE(F59:H59) -> 0.015797512 | J59: =+AVERAGE(G59:I59) -> 0.016407338 | K59: =+AVERAGE(H59:J59) -> 0.016015391
B63: Samsung reports 'major' progress in supply deal for AI chips | AP News | D63: https://www.gminsights.com/industry-analysis/automotive-infotainment-market?

Sheet WACC
B2: WACC
B4: WACC = % of Capital x Cost of Capital + % de Debt x Cost of Debt x (1 - Tax Rate)
B5: Cost of Capital = Risk-Free Rate + Beta x Risk Premium
B7: WACC | I7: Region | J7: Weight | K7: ERP
B8: Market Cap | G8: 365744 | I8: Americas | J8: 0.35 | K8: 0.053
B9: % of Capital | G9: =+G8/G20 -> 0.96646707 | I9: Europe | J9: 0.18 | K9: 0.0764
B10: Cost of Capital | G10: =+G11+G12*G13 -> 0.073924904 | I10: Korea | J10: 0.17 | K10: 0.0532
B11: Risk-Free Rate | G11: 0.02806 | I11: Asia/Africa | J11: 0.17 | K11: 0.0775
B12: Beta | G12: 0.74 | I12: China | J12: 0.11 | K12: 0.0563
B13: Equity Risk Premium | G13: =SUMPRODUCT(J8:J13,K8:K13) -> 0.0619796 | I13: Others | J13: =1-SUM(J8:J12) -> 0.02 | K13: =AVERAGE(K8:K12) -> 0.06328
B15: Debt | G15: 12690
B16: % of Debt | G16: =+G15/G20 -> 0.033532928
B17: Cost of debt | G17: 0.0552
B18: Tax Rate | G18: 0.286
B20: Total | G20: =+G8+G15 -> 378434
B22: WACC | G22: =+G9*G10+G16*G17*(1-G18) -> 0.072767612

Sheet Figures
B2: Samsung Electronics
B4: Country | F4: South Korea | H4: Smartphones and other | K4: 108632515 | L4: =+K4/$K$9 -> 0.41953505 | M4: =+$L$9-L4 -> 0.58046495
B5: Sector | F5: IT-Hardware | H5: Memory | K5: 44125386 | L5: =+K5/$K$9 -> 0.17041073 | M5: =+$L$9-L5 -> 0.82958927
B6: Current Price | F6: 56300 | H6: Display panels | K6: 30975373 | L6: =+K6/$K$9 -> 0.11962583 | M6: =+$L$9-L6 -> 0.88037417
B7: Target Price | F7: 94800 | H7: TV, monitor and other | K7: 30375193 | L7: =+K7/$K$9 -> 0.11730795 | M7: =+$L$9-L7 -> 0.88269205
B8: Upside | F8: =(F7/F6)-1 -> 0.68383659 | H8: Other | K8: =+K9-K4-K5-K6-K7 -> 44827027 | L8: =+K8/$K$9 -> 0.17312044 | M8: =+$L$9-L8 -> 0.82687956
B9: Ticker | F9: 005930 | H9: Total | K9: 258935494 | L9: 1
B10: Stock Exchgange | F10: KRX
B12: Shares Outstanding (mm) | F12: 6793 | H12: Other | K12: =+K8 -> 44827027 | L12: =+K12/$K$9 -> 0.17312044 | M12: =+$L$9-L12 -> 0.82687956 | Q12: =16264/F12 -> 2.3942294
B13: Market Capitalization (mm) | F13: 373888700 | H13: TV, monitor | K13: 30375193 | L13: =+K13/$K$9 -> 0.11730795 | M13: =+$L$9-L13 -> 0.88269205
B14: EPS (2023) | F14: 2131 | H14: Display panels | K14: 30975373 | L14: =+K14/$K$9 -> 0.11962583 | M14: =+$L$9-L14 -> 0.88037417
B15: 52-Week Range | F15: 49,900-88,800 | H15: Memory | K15: 44125386 | L15: =+K15/$K$9 -> 0.17041073 | M15: =+$L$9-L15 -> 0.82958927
H16: Smartphone | K16: 108632515 | L16: =+K16/$K$9 -> 0.41953505 | M16: =+$L$9-L16 -> 0.58046495
B17: Multiples | H17: Total | K17: 258935494 | L17: 1
B19: % Float | F19: =5.68/5.97 -> 0.95142379
B20: ß | F20: 0.57
B21: Score (S&P) | F21: AA-
B22: Price-to-Book | F22: 1.0x
B23: Price-to-Sales (LTM) | F23: 1.3x | H23: Harman | I23: 14388454 | J23: =+$I$28-I23 -> 267562181
B24: Enterprise Value-to-EBITDA (LTM) | F24: 4.5x | H24: SDC | I24: 30975373 | J24: =+$I$28-I24 -> 250975262
B25: % Held by Insiders | F25: 0.0998 | H25: DS | I25: 66594471 | J25: =+$I$28-I25 -> 215356164
B26: % Held by Institutions | F26: 0.4997 | H26: DX | I26: 169992337 | J26: =+$I$28-I26 -> 111958298
B27: 5Y Avg Div. Yield | F27: 0.0315
H28: Total | I28: =+SUM(I23:I26) -> 281950635
B29: Holders
B31: Samsung Life Insurance Co., Ltd. | E31: 0.08605 | F31: 22 036 M ₩ | H31: Bargaining Power of Buyers | I31: 4
B32: National Pension Service of Korea | E32: 0.07354 | F32: 18 834 M ₩ | H32: Bargaining Power of Suppliers | I32: 3
B33: Samsung C&T Corp. | E33: 0.05006 | F33: 12 819 M ₩ | H33: Threat of New Entrants | I33: 1
B34: Ra Hee Hong | E34: 0.01641 | F34: 4 203 M ₩ | H34: Threat of Substitutes | I34: 3
B35: Jae-Yong Lee | E35: 0.01632 | F35: 4 179 M ₩ | H35: Rivalry Among Existing Competition | I35: 5
B36: Samsung Fire & Marine Insurance Co., Ltd. | E36: 0.01488 | F36: 3 809 M ₩
B37: Bu-Jin Lee | E37: 0.007998 | F37: 2 048 M ₩
B38: Seo-Hyun Lee | E38: 0.007922 | F38: 2 029 M ₩
B39: MFS International (UK) Ltd. | E39: 0.002408 | F39: 617 M ₩
B40: Fidelity Management & Research HK Ltd. | E40: 0.002146 | F40: 550 M ₩
B41: Stock Performance 20Y
H44: America | K44: 92136669 | L44: =+K44/$K$50 -> 0.35582866
H45: Europe | K45: 4818965 | L45: =+K45/$K$50 -> 0.018610678
H46: Asia and Africa | K46: 44814355 | L46: =+K46/$K$50 -> 0.1730715
H47: South Korea | K47: 45599419 | L47: =+K47/$K$50 -> 0.17610339
H48: China | K48: 28276086 | L48: =+K48/$K$50 -> 0.10920127
H49: Other | K49: =+K50-SUM(K44:K48) -> 43290000 | L49: =+K49/$K$50 -> 0.1671845
K50: 258935494
B52: DX | C52: tvS, monitors, refrigerators, washing machines, air conditioners, smartphones, telecommunications network systems, computers, etc
B53: DS | C53: DRAM, NAND, flash, mobile APs, etc
B54: SDC | C54: OLED panels for smartphones, etc
B55: Harman | C55: Digital cockpits, car audio, portable speakers, etc
B57: Major Releases
B58: January 2024: | C58: Galaxy Ring
B59: Galaxy S24 Series: Unveiled on January 17, the Galaxy S24 series includes the S24, S24+, and S24 Ultra models. These smartphones feature AI-driven cameras, powerful processors, and high-resolution displays, marking a significant advancement in Samsung's flagship lineup.
B60: Samsung Mobile Press
B61: 2024 TV and Audio Lineup: Announced ahead of CES 2024, Samsung introduced its latest Neo QLED 8K, Neo QLED 4K, OLED, Lifestyle, and MICRO LED displays. These offerings combine enhanced picture quality with premium features, focusing on improved connectivity and personalized experiences.
B62: Samsung Newsroom
B63: July 2024:
B64: Galaxy Z Flip 6: Announced on July 10 and released on July 24, the Galaxy Z Flip 6 is Samsung's latest foldable smartphone. It offers enhanced durability, improved camera capabilities, and a more refined folding mechanism.
B65: September 2024:
B66: Galaxy S24 FE: Announced on September 26, the Galaxy S24 FE brings flagship features to a more affordable price point, including AI capabilities, a 6.7-inch OLED display, and a versatile camera system.
B67: The Verge
B68: October 2024:
B69: Galaxy Watch FE (LTE Version): Released on October 3, this smartwatch offers LTE connectivity, health and fitness tracking features, and integrates seamlessly with other Galaxy devices.
B70: The Verge
... B96: The Verge

Sheet Historicals
C1: Income Statement | D1: TTM | E1: 45291 | F1: 44926 | G1: 44561 | H1: 44196 | J1: Multiples | K1: TTM | L1: 2023 | M1: 2022 | N1: 2021 | O1: 2019
C2: Total Revenue | D2: 292862572000 | E2: 258935494000 | F2: 302231360000 | G2: 279604799000 | H2: 236806988000 | J2: EV / Sales (LTM) | K2: =+D66/D2*1000 -> 0.79785018 | L2: =+E66/E2*1000 -> 1.8155599 | M2: =+F66/F2*1000 -> 1.1391288 | N2: =+G66/G2*1000 -> 1.5099476 | O2: =+H66/H2*1000 -> 2.0298415
C3: Cost of Revenue | D3: 185409012000 | E3: 180388580000 | F3: 190041770000 | G3: 166411342000 | H3: 144488296000 | J3: Price / Sales (LTM) | K3: =+D61/D2*1000 -> 1.0190078 | L3: =+E61/E2*1000 -> 1.6217285 | M3: =+F61/F2*1000 -> 1.0592681 | N3: =+G61/G2*1000 -> 1.4299375 | O3: =+H61/H2*1000 -> 1.9314102
C4: Gross Profit | D4: 107453560000 | E4: 78546914000 | F4: 112189590000 | G4: 113193457000 | H4: 92318692000 | J4: EV / EBITDA (LTM) | K4: =+D66/D22*1000 -> 3.1210373 | L4: =+E66/E22*1000 -> 9.2902038 | M4: =+F66/F22*1000 -> 3.9888296 | N4: =+G66/G22*1000 -> 4.7959229 | O4: =+H66/H22*1000 -> 7.1462071
C5: Operating Expense | D5: 78395585000 | E5: 71979938000 | F5: 68812960000 | G5: 61559601000 | H5: 56324816000 | J5: EV / EBIT (LTM) | K5: =+D66/D21*1000 -> 6.8923039 | L5: =+E66/E21*1000 -> 39.384425 | M5: =+F66/F21*1000 -> 7.2935384 | N5: =+G66/G21*1000 -> 7.8497983 | O5: =+H66/H21*1000 -> 13.016653
C6: Operating Income | D6: 29057975000 | E6: 6566976000 | F6: 43376630000 | G6: 51633856000 | H6: 35993876000 | J6: Price / Earnings (LTM) | K6: =+D61/D10*1000 -> 9.3058316 | L6: =+E61/E10*1000 -> 29.013435 | M6: =+F61/F10*1000 -> 5.8495147 | N6: =+G61/G10*1000 -> 10.188042 | O6: =+H61/H10*1000 -> 17.529958
C7: Net Non Operating Interest Income Expense | D7: 3826766000 | E7: 3427769000 | F7: 1957464000 | G7: 846738000 | H7: 1391445000 | J7: Price / Book (LTM) | K7: =+D61/D30*1000 -> 0.77257325 | L7: =+E61/E30*1000 -> 1.1891987 | M7: =+F61/F30*1000 -> 0.92777445 | N7: =+G61/G30*1000 -> 1.3501951 | O7: =+H61/H30*1000 -> 1.7094747
C8: Pretax Income | D8: 33146768000 | E8: 11006265000 | F8: 46440474000 | G8: 53351827000 | H8: 36345117000
C9: Tax Provision | D9: 105053000 | E9: -4480835000 | F9: -9213603000 | G9: 13444377000 | H9: 9937285000 | J9: Profitability | K9: TTM | L9: 2023 | M9: 2022 | N9: 2021 | O9: 2019
C10: Net Income Common Stockholders | D10: 32069057000 | E10: 14473401000 | F10: 54730018000 | G10: 39243791000 | H10: 26090846000 | J10: Return on Assets | K10: =+D10/D25 -> 0.065272907 | L10: =+E10/E25 -> 0.03174646 | M10: =+F10/F25 -> 0.12204957 | N10: =+G10/G25 -> 0.091987447 | O10: =+H10/H25 -> 0.068980386
C11: Basic EPS | D11: 4720 | E11: 2130 | F11: 8060 | G11: 5780 | H11: 3840 | J11: Return on Equity | K11: =+D10/D27 -> 0.083017767 | L11: =+E10/E27 -> 0.039797311 | M11: =+F10/F27 -> 0.15427788 | N11: =+G10/G27 -> 0.1287104 | O11: =+H10/H27 -> 0.094549859
C12: Diluted EPS | D12: 4720 | E12: 2130 | F12: 8060 | G12: 5780 | H12: 3840 | J12: Return on Total Capital | K12: =+D21/(D36+D27) -> 0.084076593 | L12: =+E21/(E36+E27) -> 0.031715371 | M12: =+F21/(F36+F27) -> 0.12929528 | N12: =+G21/(G36+G27) -> 0.16636154 | O12: =+H21/(H36+H27) -> 0.12468752
C13: Basic Average Shares | D13: 6792558.5 | E13: 6791835.3 | F13: 6792853.2 | G13: 6793109 | H13: 6792722.2 | J13: Return on Common Equity | K13: =+D10/D30 -> 0.083020334 | L13: =+E10/E30 -> 0.040987863 | M13: =+F10/F30 -> 0.15860708 | N13: =+G10/G30 -> 0.13252744 | O13: =+H10/H30 -> 0.09751733
C14: Diluted Average Shares | D14: 6792558.5 | E14: 6791835.3 | F14: 6792853.2 | G14: 6793109 | H14: 6792722.2
C15: Total Operating Income as Reported | D15: 29057975000 | E15: 6566976000 | F15: 43376630000 | G15: 51633856000 | H15: 35993876000 | J15: EBITDA Margin | K15: =+D22/D2 -> 0.25563622 | L15: =+E22/E2 -> 0.19542735 | M15: =+F22/F2 -> 0.28557972 | N15: =+G22/G2 -> 0.31483983 | O15: =+H22/H2 -> 0.2840446
C16: Total Expenses | D16: 263804597000 | E16: 252368518000 | F16: 258854730000 | G16: 227970943000 | H16: 200813112000 | J16: EBIT Margin | K16: =+D21/D2 -> 0.11575958 | L16: =+E21/E2 -> 0.046098423 | M16: =+F21/F2 -> 0.15618329 | N16: =+G21/G2 -> 0.19235495 | O16: =+H21/H2 -> 0.15594189
C17: Net Income from Continuing & Discontinued Operation | D17: 32069057000 | E17: 14473401000 | F17: 54730018000 | G17: 39243791000 | H17: 26090846000 | J17: EBT Margin | K17: =+D8/D2 -> 0.11318199 | L17: =+E8/E2 -> 0.042505818 | M17: =+F8/F2 -> 0.15365869 | N17: =+G8/G2 -> 0.19081156 | O17: =+H8/H2 -> 0.15347992
C18: Interest Income | D18: 4581645000 | E18: 4358022000 | F18: 2720479000 | G18: 1278278000 | H18: 1974458000 | J18: Gross Profit Margin | K18: =+D4/D2 -> 0.36690779 | L18: =+E4/E2 -> 0.30334549 | M18: =+F4/F2 -> 0.37120433 | N18: =+G4/G2 -> 0.40483374 | O18: =+H4/H2 -> 0.38984784
C19: Interest Expense | D19: 754879000 | E19: 930253000 | F19: 763015000 | G19: 431540000 | H19: 583013000 | J19: SG&A Margin | K19: =+D5/D2 -> 0.26768728 | L19: =+E5/E2 -> 0.27798405 | M19: =+F5/F2 -> 0.22768306 | N19: =+G5/G2 -> 0.22016647 | O19: =+H5/H2 -> 0.23785116
C20: Net Interest Income | D20: 3826766000 | E20: 3427769000 | F20: 1957464000 | G20: 846738000 | H20: 1391445000 | J20: Net Income Margin | K20: =+D10/D2 -> 0.10950207 | L20: =+E10/E2 -> 0.055895778 | M20: =+F10/F2 -> 0.1810865 | N20: =+G10/G2 -> 0.1403545 | O20: =+H10/H2 -> 0.11017769
C21: EBIT | D21: 33901647000 | E21: 11936518000 | F21: 47203489000 | G21: 53783367000 | H21: 36928130000
C22: EBITDA | D22: 74866281000 | E22: 50603077000 | F22: 86311148000 | G22: 88030728000 | H22: 67263746000 | J22: Current Ratio | K22: =+D40/D41 -> 2.5190205 | L22: =+E40/E41 -> 2.5876648 | M22: =+F40/F41 -> 2.7885761 | N22: =+G40/G41 -> 2.4758316 | O22: =+H40/H41 -> 2.6217483
J23: Quick Ratio | K23: 1.8 | L23: 1.8 | M23: 2 | N23: 1.9 | O23: 2.1
C24: Balance Sheet | D24: TTM | E24: 45291 | F24: 44926 | G24: 44561 | H24: 44196 | J24: Days Sales Outstanding | K24: 55 | L24: 51 | M24: 46.2 | N24: 46.8 | O24: 51.1
C25: Total Assets | D25: 491307317000 | E25: 455905980000 | F25: 448424507000 | G25: 426621158000 | H25: 378235718000 | J25: Days Payable Outstanding | K25: 25.9 | L25: 22.3 | M25: 21.9 | N25: 24.1 | O25: 22.6
C26: Total Liabilities Net Minority Interest | D26: =105025954000-D65 -> 105015824835 | E26: 92228115000 | F26: 93674903000 | G26: 121721227000 | H26: 102287702000 | J26: Cash Conversion Cycle | K26: 136;3 | L26: 133.7 | M26: 114.1 | N26: 103.2 | O26: 103
C27: Total Equity Gross Minority Interest | D27: =386281363000+D65 -> 386291492165 | E27: 363677865000 | F27: 354749604000 | G27: 304899931000 | H27: 275948016000
C28: Total Capitalization | E28: 353771393000 | F28: 345756081000 | G28: 296747429000 | H28: 268618468000 | J28: Solvency | K28: TTM | L28: 2023 | M28: 2022 | N28: 2021 | O28: 2019
C29: Preferred Stock Equity | D29: =+D64 -> 11946700 | E29: 119467000 | F29: 119467000 | G29: 119467000 | H29: 119467000 | J29: Total Debt / Equity | K29: =+D63/D27*1000 -> 0.043831861 | L29: =+E63/E27*1000 -> 0.034882365 | M29: =+F63/F27*1000 -> 0.029128269 | N29: =+G63/G27*1000 -> 0.060321919 | O29: =+H63/H27*1000 -> 0.07326518
C30: Common Stock Equity | D30: =+D27-D29 -> 386279545465 | E30: 353114308000 | F30: 345066675000 | G30: 296118230000 | H30: 267550864000 | J30: Total Debt / Capital | K30: =+D36/(D36+D27) -> 0.041991304 | L30: =+E36/(E36+E27) -> 0.033706599 | M30: =+F36/(F36+F27) -> 0.028303828 | N30: =+G36/(G36+G27) -> 0.056890194 | O30: =+H36/(H36+H27) -> 0.068263819
C31: Capital Lease Obligations | E31: 4723289000 | F31: 4400845000 | G31: 3676558000 | H31: 2710497000 | J31: Long-Term Debt / Equity | K31: =+D42/D27 -> 0.0097982329 | L31: =+E42/E27 -> 0.011720449 | M31: =+F42/F27 -> 0.011548329 | N31: =+G42/G27 -> 0.011067198 | O31: =+H42/H27 -> 0.010682639
C32: Net Tangible Assets | E32: 330491913000 | F32: 324968388000 | G32: 276001453000 | H32: 249201829000 | J32: Long-term Debt / Capital | K32: =+D42/(D27+D36) -> 0.0093867923 | L32: =+E42/(E27+E36) -> 0.011325393 | M32: =+F42/(F27+F36) -> 0.011221467 | N32: =+G42/(G27+G36) -> 0.010437583 | O32: =+H42/(H27+H36) -> 0.0099534011
C33: Working Capital | E33: 120217105000 | F33: 140125729000 | G33: 130046052000 | H33: 122611228000 | J33: Total Liabilities / Total Assets | K33: =+D26/D25 -> 0.21374773 | L33: =+E26/E25 -> 0.20229635 | M33: =+F26/F25 -> 0.20889782 | N33: =+G26/G25 -> 0.28531456 | O33: =+H26/H25 -> 0.27043375
C34: Invested Capital | E34: 361076963000 | F34: 350999072000 | G34: 310833821000 | H34: 285057748000
C35: Tangible Book Value | D35: 353074741000 | E35: 330372446000 | F35: 324848921000 | G35: 275881986000 | H35: 249082362000 | J35: EBIT / Interest Expense | K35: =+D21/D19 -> 44.910041 | L35: =+E21/E19 -> 12.831475 | M35: =+F21/F19 -> 61.864431 | N35: =+G21/G19 -> 124.63124 | O35: =+H21/H19 -> 63.340149
C36: Total Debt | D36: 16931875000 | E36: 12685944000 | F36: 10333242000 | G36: 18392149000 | H36: 20217381000 | J36: EBITDA / Interest Expense | K36: =+D22/D19 -> 99.176532 | L36: =+E22/E19 -> 54.397112 | M36: =+F22/F19 -> 113.11855 | N36: =+G22/G19 -> 203.99205 | O36: =+H22/H19 -> 115.37263
C37: Share Issued | D37: 5969782.5 | E37: 5969782.5 | F37: 5969782.5 | G37: 5969782.5 | H37: 5969782.5 | J37: (EBITDA - Capex) / Interest Expense | K37: =+(D22+D55)/D19 -> 27.79356 | L37: -- | M37: =+(F22+F55)/F19 -> 43.491171 | N37: =+(G22+G55)/G19 -> 88.524139 | O37: =+(H22+H55)/H19 -> 46.297309
C38: Ordinary Shares Number | D38: 5969782.5 | E38: 5969782.5 | F38: 5969782.5 | G38: 5969782.5 | H38: 5969782.5
C39: Preferred Shares Number | D39: 822886.7 | E39: 822886.7 | F39: 822886.7 | G39: 822886.7 | H39: 822886.7 | J39: Total Debt / EBITDA | K39: =+D36/D22 -> 0.22616156 | L39: =+E36/E22 -> 0.25069511 | M39: =+F36/F22 -> 0.11972083 | N39: =+G36/G22 -> 0.20892874 | O39: =+H36/H22 -> 0.30056876
C40: Current Assets | D40: 219235111000 | E40: 195936557000 | F40: 218470581000 | G40: 218163185000 | H40: 198215579000 | J40: Total Debt / (EBITDA - Capex) | K40: =+D36/(D22+D55) -> 0.80701857 | L40: -- | M40: =+F36/(F22+F55) -> 0.31138839 | N40: =+G36/(G22+G55) -> 0.48144836 | O40: =+H36/(H22+H55) -> 0.74901568
C41: Current Liabilities | D41: 87031889000 | E41: 75719452000 | F41: 78344852000 | G41: 88117133000 | H41: 75604351000
C42: Long-Term Debt and Capital Leases | D42: =26366000+3758608000 -> 3784974000 | E42: 4262468000 | F42: 4096765000 | G42: 3374388000 | H42: 2947853000
C45: Cash Flows | D45: TTM | E45: 45291 | F45: 44926 | G45: 44561 | H45: 44196
C46: Operating Cash Flow | D46: 70905579000 | E46: 44137427000 | F46: 62181346000 | G46: 65105448000 | H46: 65287009000
C47: Investing Cash Flow | D47: -98035883000 | E47: -16922817000 | F47: -31602804000 | G47: -33047763000 | H47: -53628591000
C48: Financing Cash Flow | D48: -4890780000 | E48: -8593059000 | F48: -19390049000 | G48: -23991033000 | H48: -8327839000
C49: Other Cash Adjustment Inside Change in Cash | D49: -- | E49: -14153000 | F49: -- | G49: 139000 | H49: -139000
C50: End Cash Position | D50: 43109047000 | E50: 69080893000 | F50: 49680710000 | G50: 39031415000 | H50: 29382578000
C51: Changes in Cash | D51: -32035237000 | E51: 18607398000 | F51: 11188493000 | G51: 8066791000 | H51: 3330440000
C52: Effect of Exchange Rate Changes | D52: 22312000 | E52: 792785000 | F52: -539198000 | G52: 1582046000 | H52: -833861000
C53: Beginning Cash Position | D53: 75144284000 | E53: 49680710000 | F53: 39031415000 | G53: 29382578000 | H53: 26885999000
C54: Other Cash Adjustment Outside Change in Cash | D54: -- | E54: -- | F54: -- | G54: -- | H54: -139000
C55: Capital Expenditure | D55: -53885506000 | E55: -60534167000 | F55: -53126732000 | G55: -49829021000 | H55: -40271813000
C56: Issuance of Debt | D56: 6694132000 | E56: 2500112000 | F56: 271997000 | G56: 58279000 | H56: 2205681000
C57: Repayment of Debt | D57: -649731000 | E57: -1219579000 | F57: -9847614000 | G57: -3511692000 | H57: -864947000
C58: Free Cash Flow | D58: 17020073000 | E58: -16396740000 | F58: 9054614000 | G58: 15276427000 | H58: 25015196000
C60: Capital Structure | D60: TTM | E60: 45291 | F60: 44926 | G60: 44561 | H60: 44196
C61: Market Capitalization | D61: 298429243 | E61: 419923073 | F61: 320144043 | G61: 399817393 | H61: 457371434
C62: Cash & Short Term Investments | D62: 103776528 | E62: 92407210 | F62: 115227286 | G62: 124150192 | H62: 124652843
C63: Total Debt | D63: 16931875 | E63: =+E36/1000 -> 12685944 | F63: =+F36/1000 -> 10333242 | G63: =+G36/1000 -> 18392149 | H63: =+H36/1000 -> 20217381
C64: Preferred Equity | D64: 11946700 | E64: =+E29 -> 119467000 | F64: =+F29 -> 119467000 | G64: =+G29 -> 119467000 | H64: =+H29 -> 119467000
C65: Minority Interest | D65: 10129165 | E65: 10444090 | F65: 9563462 | G65: 8662234 | H65: 8277685
C66: Enterprise Value | D66: =+D61-D62+D63+D64+D65 -> 233660455 | E66: =+E61-E62+E63+E64+E65 -> 470112897 | F66: =+F61-F62+F63+F64+F65 -> 344280461 | G66: =+G61-G62+G63+G64+G65 -> 422188584 | H66: =+H61-H62+H63+H64+H65 -> 480680657
